 Dungeon Crawl Stone Soup version 0.31-a0-705-ga145531891 (webtiles) character file.

Game seed: 7131219280912525141

1203 Xavori the Sneak (level 8, -32/59 HPs)
             Began as an Octopode Chaos Knight on Sept 10, 2023.
             Was a Plaything of Xom.
             Annihilated by an ogre
             ... wielding a +0 giant club
              (48 damage)
             ... on level 5 of the Dungeon.
             The game lasted 00:05:57 (6870 turns).

Xavori the Sneak (Octopode Chaos Knight)            Turns: 6870, Time: 00:05:57

Health: -32/59     AC:  1    Str: 11    XL:     8   Next: 45%
Magic:  7/7        EV: 15    Int: 13    God:    Xom [*.....]
Gold:   45         SH:  0    Dex: 17    Spells: 7/7 levels left

rFire   . . .        a - +0 short sword (chaos)
rCold   . . .        (no shield)
rNeg    . . .        (helmet restricted)
rPois   +            (no amulet)
rElec   .            (no ring)
rCorr   .            (no ring)
SInv    .            (no ring)
Will    +....        (no ring)
Stlth   +++++        (no ring)
HPRegen 0.29/turn    (no ring)
MPRegen 0.10/turn    (no ring)
                     (no ring)

%: no passive effects
@: no status effects
A: almost no armour, amphibious, 8 rings, camouflage 1, gelatinous body 1,
(nimble swimmer 1), tentacles, agile 1, low MP 1, strong-willed 1, poison
resistance, robust 1, wild magic 1
a: Renounce Religion


You were on level 5 of the Dungeon.
You worshipped Xom.
You were a special plaything of Xom.
You visited 1 branch of the dungeon, and saw 5 of its levels.

You collected 173 gold pieces.
You spent 128 gold pieces at shops.

Inventory:

Hand Weapons
 a - a +0 short sword of chaos (weapon)
Wands
 p - a wand of flame (23)
Scrolls
 b - a scroll of butterflies
 c - a scroll of noise
 e - 3 scrolls of identify
 g - a scroll of revelation
 i - 2 scrolls of teleportation
 j - a scroll of silence
 k - 2 scrolls of vulnerability
 m - 2 scrolls of amnesia
 n - a scroll of enchant armour
 q - a scroll of enchant weapon {unknown}
 r - a scroll of summoning {unknown}
Potions
 d - a potion of haste
 f - 2 potions of magic
 h - 3 potions of curing
 l - a potion of brilliance
 o - a potion of might


   Skills:
 + Level 4.5 Fighting
 + Level 6.0 Short Blades
 + Level 4.7 Dodging
 + Level 7.3 Stealth
 * Level 3.4 Evocations


You had 7 spell levels left.
You didn't know any spells.
Your spell library contained the following spells:

 Spells                   Type           Power      Damage    Failure   Level
 Magic Dart               Conj           0%         1d3       38%         1
 Blink                    Tloc           0%         N/A       52%         2
 Call Imp                 Summ           0%         N/A       52%         2
 Lesser Beckoning         Tloc           0%         N/A       52%         2
 Momentum Strike          Conj/Tloc      0%         3d8       52%         2
 Sublimation of Blood     Necr           0%         N/A       52%         2
 Gell's Gravitas          Tloc           0%         N/A       75%         3
 Mephitic Cloud           Conj/Pois/Air  0%         N/A       75%         3
 Teleport Other           Tloc           0%         N/A       75%         3
 Petrify                  Tmut/Erth      0%         N/A       98%         4
 Irradiate                Conj/Tmut      0%         3d11      100%        5
 Haunt                    Necr/Summ      0%         N/A       100%        7
 Borgnjor's Revivificati  Necr           0%         N/A       100%        8
 Death's Door             Necr           0%         N/A       100%        9


Dungeon Overview and Level Annotations

Branches:
Dungeon (5/15)
 Temple: D:4-7

Altars:
Ashenzari
Fedhas
Kikubaaqudgha
Makhleb
Qazlal
Trog
Vehumet

Shops:
D:1 (   D:2 ?(!

Annotations:
Abyss:1 Grinder


Innate Abilities, Weirdness & Mutations

You cannot wear most types of armour.
You are amphibious.
You can wear up to eight rings at the same time.
Your skin changes colour to match your surroundings (Stealth+).
Your rubbery body absorbs attacks. (AC +1, EV +1)
((You are camouflaged when in or above water. (Stealth+)))
You have tentacles for arms and can constrict up to eight enemies at once.
You are agile. (Dex +4, Str/Int -1)
Your magical capacity is low. (-10% MP)
You are strong-willed. (Will+)
Your system is resistant to poisons. (rPois)
You are robust. (+10% HP)
Your spells are a little harder to cast, but a little more powerful.


Message History

The scorpion is lightly wounded.
You constrict the scorpion, but do no damage.
The scorpion closely misses you.
You hit the scorpion.
The scorpion is poisoned.
The scorpion is lightly wounded.
You constrict the scorpion, but do no damage.
You hit the scorpion but do no damage.
The scorpion is moving more slowly.
The scorpion is moderately wounded.
You constrict the scorpion, but do no damage.
The scorpion stings you.
You catch the helpless scorpion completely off-guard!
You puncture the scorpion! You freeze the scorpion.
You kill the scorpion!
You barely miss the ogre. You hit the ogre.
The ogre suddenly seems more agile.
Your squeeze misses the ogre.
The ogre is lightly wounded.
The ogre misses you.
You hit the ogre.
The ogre seems to grow stronger.
Your squeeze misses the ogre.
The ogre is lightly wounded.
You barely miss the ogre.
The ogre is lightly wounded.
The ogre hits you with a +0 giant club!!
* * * LOW HITPOINT WARNING * * *
You are too injured to fight recklessly!
Unknown command.
You barely miss the ogre. Your squeeze misses the ogre.
The ogre is lightly wounded.
You hit the ogre but do no damage.
The ogre is poisoned.
The ogre is lightly wounded.
The ogre misses you.
You barely miss the ogre.
The ogre is lightly wounded.
You hit the ogre.
The ogre is lightly wounded.
The ogre hits you with a +0 giant club!!!
Ouch! That really hurt!
You die...
Xom snickers!

.............†........##
............##..........
...........####.........
..........## #.........
.........## ##.....#.
.........# #.#####
........## ##.##
........# #...##
.......## #.@..#
##.#...########.:O.#
#....#.............#
##.#.#.†.#.....#.....
#####...#.#... ..##..#
.###.###.# ### #.. # #
...### #. .# #.. .. #.#


You could see an ogre (strong, agile, poisoned).

Vanquished Creatures
  Sigmund (D:3)
  Menkaure (D:5)
  Edmund (D:4)
  An ogre (D:4)
  Blork the orc (D:3)
  3 scorpions
  A howler monkey (D:5)
  3 iguanas (D:5)
  Robin (D:3)
  8 adders
  3 gnolls
  3 orcs
  5 endoplasms
  A giant cockroach (D:3)
  15 goblins
  11 hobgoblins
  7 jackals
  3 quokkas
  4 ball pythons
  6 bats
  4 frilled lizards
  4 kobolds
  5 rats
92 creatures vanquished.

Vanquished Creatures (collateral kills)
  A hound (D:4)
1 creature vanquished.

Grand Total: 93 creatures vanquished

Notes
Turn   | Place    | Note
-------+----------+-------------------------------------------
     0 | D:1      | Xavori the Octopode Chaos Knight began the quest for the
                  | Orb.
     0 | D:1      | Reached XP level 1. HP: 16/16 MP: 1/1
    68 | D:1      | Found Huic Oll's Weapon Shop.
   125 | D:1      | XOM: silly message
   189 | D:1      | Reached XP level 2. HP: 21/21 MP: 2/2
   254 | D:1      | Found a faded altar of an unknown god.
   472 | D:1      | Reached XP level 3. HP: 17/26 MP: 3/3
   871 | D:1      | XOM: silly message
  1384 | D:1      | XOM: divination: magic mapping
  2236 | D:1      | XOM: silly message
  2379 | D:1      | XOM: silly message
  2382 | D:1      | XOM: noise
  2987 | D:1      | XOM: give mutations
  2987 | D:1      | Gained mutation: You are robust. (+10% HP) [Xom's mischief]
  2987 | D:1      | Gained mutation: Your mind is acute. (Int +4, Str/Dex -1)
                  | [Xom's mischief]
  3311 | D:1      | XOM: give mutations
  3311 | D:1      | Gained mutation: You are strong-willed. (Will+) [Xom's
                  | mischief]
  3311 | D:1      | Gained mutation: You are agile. (Dex +4, Str/Int -1) [Xom's
                  | mischief]
  3311 | D:1      | Gained mutation: Your system is resistant to poisons.
                  | (rPois) [Xom's mischief]
  3311 | D:1      | Gained mutation: Your spells are a little harder to cast,
                  | but a little more powerful. [Xom's mischief]
  3540 | D:2      | Found a burning altar of Makhleb.
  3633 | D:2      | Reached skill level 1 in Stealth
  3719 | D:2      | XOM is BORED!
  3721 | D:2      | Found Roenkeo's Distillery.
  3722 | D:2      | XOM: polymorph bat -> rat
  3733 | D:2      | Bought a potion of curing for 30 gold pieces
  3905 | D:2      | Reached XP level 4. HP: 34/34 MP: 4/4
  4010 | D:2      | Found Hezxui Jole's Antique Weapon Emporium.
  4040 | D:2      | Found Osseav's Magic Scroll Boutique.
  4103 | D:2      | XOM: god gift: Necronomicon
  4126 | D:2      | XOM: 2-stop teleportation journey
  4166 | D:2      | XOM: silly message
  4205 | D:3      | XOM: silly message
  4242 | D:3      | Noticed Grinder
  4263 | D:3      | Banished Grinder
  4264 | D:3      | Reached skill level 4 in Stealth
  4264 | D:3      | Reached XP level 5. HP: 33/40 MP: 5/5
  4264 | D:3      | Reached XP level 6. HP: 39/47 MP: 6/6
  4305 | D:3      | XOM: 9-stop teleportation journey
  4982 | D:2      | Bought a potion of might for 40 gold pieces
  4982 | D:2      | Bought a potion of degeneration for 10 gold pieces
  5070 | D:2      | Bought a scroll of identify for 24 gold pieces
  5070 | D:2      | Bought a scroll of identify for 24 gold pieces
  5110 | D:3      | Noticed Robin
  5123 | D:3      | Killed Robin
  5163 | D:4      | Noticed Blork the orc
  5180 | D:3      | Killed Blork the orc
  5181 | D:3      | Reached skill level 5 in Stealth
  5181 | D:3      | XOM: confuse monster(s)
  5183 | D:3      | Reached skill level 1 in Evocations
  5387 | D:4      | XOM: cleaving
  5470 | D:4      | Reached XP level 7. HP: 51/51 MP: 7/7
  5499 | D:4      | Noticed Sigmund
  5645 | D:3      | XOM: summons 4 hostile demons
  5748 | D:4      | XOM: give mutations
  5748 | D:4      | Gained mutation: You have an increased reservoir of magic.
                  | (+10% MP) [Xom's mischief]
  5748 | D:4      | Lost mutation: Your mind is acute. (Int +4, Str/Dex -1)
                  | [Xom's mischief]
  5748 | D:4      | Lost mutation: You have an increased reservoir of magic.
                  | (+10% MP) [Xom's mischief]
  5748 | D:4      | Gained mutation: Your magical capacity is low. (-10% MP)
                  | [Xom's mischief]
  5749 | D:4      | Found a stormy altar of Qazlal.
  5749 | D:4      | Found a burning altar of Makhleb.
  5767 | D:3      | Killed Sigmund
  5768 | D:3      | Reached skill level 5 in Short Blades
  5768 | D:3      | Reached skill level 6 in Stealth
  5772 | D:4      | XOM: silly message
  5785 | D:4      | XOM: butterfly on damage
  5791 | D:4      | XOM: summons 2 friendly demons
  5952 | D:3      | XOM: stat loss: -1 Dex (16/17)
  5978 | D:4      | Found a broken altar of Ashenzari.
  5981 | D:4      | Found a blossoming altar of Fedhas.
  5998 | D:4      | Noticed Edmund
  6006 | D:4      | XOM: summons 7 friendly demons
  6018 | D:4      | Killed Edmund
  6087 | D:4      | XOM: torment (23/52 hp)
  6269 | D:4      | Found a radiant altar of Vehumet.
  6269 | D:4      | Found an ancient bone altar of Kikubaaqudgha.
  6269 | D:4      | Found a bloodstained altar of Trog.
  6439 | D:4      | XOM: summons 4 hostile demons
  6569 | D:5      | Entered Level 5 of the Dungeon
  6577 | D:5      | Reached XP level 8. HP: 59/59 MP: 7/7
  6818 | D:5      | Noticed Menkaure
  6830 | D:5      | Killed Menkaure
  6831 | D:5      | Reached skill level 7 in Stealth
  6870 | D:5      | Annihilated by an ogre

Illustrated notes

Levels and vault maps discovered:
D:1:      scummos_arrival_simple_crosswalls, layout_basic,
          hellmonk_ecumenical_altar_dog_temple, serial_shops,
          nicolae_shop_bloodbath_and_beyond
D:2:      layout_loops_ring, basic_altar, serial_shops, nicolae_lakefront_shop,
          shop, shop
D:3:      layout_loops_ring, minmay_misc_feat_columns, grunt_ministairs_13,
          uniq_grinder, uniq_robin
D:4:      layout_cave_pools, nicolae_overflow_macrodata_refinement,
          gammafunk_temple_overflow_forgotten, uniq_edmund, uniq_sigmund,
          uniq_blork_the_orc
D:5:      layout_layer_cave, nemelex_dance_club_becter, uniq_menkaure

Skill      XL: |  1  2  3  4  5  6  7  8 |
---------------+-------------------------+-----
Stealth        | 1 4 5 6 7 |  7.3
Dodging        | 3 4 |  4.7
Short Blades   | 4 5 6 |  6.0
Evocations     | 1 2 3 |  3.4
Fighting       | 4 |  4.5

Action                     |  1- 3 |  4- 6 |  7- 9 || total
---------------------------+-------+-------+-------++-------
  Melee: Short sword       |    83 |    85 |    81 ||   249
         Tentacles         |    16 |    18 |    23 ||    57
         Constrict         |    22 |    22 |    15 ||    59
         Punch             |     2 |     2 |     1 ||     5
    Use: Potion            |       |     1 |       ||     1
         Scroll            |       |     9 |       ||     9
   Stab: Paralysed         |     1 |       |       ||     1
         Sleeping          |     7 |     8 |     4 ||    19
         Petrifying        |       |     1 |     1 ||     2
         Confused          |       |     1 |       ||     1
 Armour: Skin              |    32 |    28 |    29 ||    89
  Dodge: Dodged            |    53 |    70 |    47 ||   170

Table legend: (Time is in decaauts)
 A = Elapsed time spent in this place.
 B = Non-inter-level travel time spent in this place.
 C = Inter-level travel time spent in this place.
 D = Time resting spent in this place.
 E = Time spent auto-exploring this place.
 F = Levels seen in this place.
 G = Mean time per level.
                   A        B        C        D        E       F      G
               +--------+--------+--------+--------+--------+-----+--------+
         Total |   6805 |   6540 |    265 |   3523 |   2325 |   5 | 1361.0 |
       Dungeon |   6805 |   6540 |    265 |   3523 |   2325 |   5 | 1361.0 |
               +--------+--------+--------+--------+--------+-----+--------+

Top non-repeatable levels by time:
     D:1: 3502 daAuts
     D:3: 1442 daAuts
     D:2: 845 daAuts
     D:4: 723 daAuts
     D:5: 291 daAuts
